 Dungeon Crawl Stone Soup version 0.24.0-123-gd5b16e6ec5 (webtiles) character file.

Game seed: 18159296155952809260, levelgen mode: deterministic

1906 Ink the Chopper (level 8, -4/74 HPs)
             Began as a Minotaur Berserker on Jan 23, 2020.
             Was a Priest of Trog.
             Shot with a bolt by an orc knight (21 damage)
             ... in a bailey.
             The game lasted 00:07:41 (5200 turns).

Ink the Chopper (Minotaur Berserker)                Turns: 5200, Time: 00:07:41

Health: -4/74      AC: 11    Str: 24    XL:     8   Next: 94%
Magic:  7/7        EV: 14    Int:  2    God:    Trog [***...]
Gold:   316        SH:  0    Dex: 10    Spells: 7/7 levels left

rFire    x . .     SeeInvis .   a - +0 hand axe
rCold    + . .     Gourm    +   (no shield)
rNeg     + . .     Faith    .   d - +2 leather armour {rN+}
rPois    .         Spirit   .   (helmet restricted)
rElec    .         Reflect  .   (no cloak)
rCorr    .         Harm     .   (no gloves)
MR       .....                  o - +0 pair of boots
Stlth    +.........             n - amulet of the gourmand
HPRegen  0.22/turn              h - +4 ring of protection
MPRegen  0.10/turn              k - ring of ice

@: no status effects
A: retaliatory headbutt, horns 2, talons 1, blurry vision 1, dopey 1, screaming
1
a: Berserk, Trog's Hand, Renounce Religion


You were in a bailey.
You worshipped Trog.
Trog was most pleased with you.
You were hungry.

You visited 1 branch of the dungeon, and saw 7 of its levels.
You also visited: Bailey.

You collected 316 gold pieces.

Inventory:

Hand Weapons
 a - a +0 hand axe (weapon)
Armour
 b - a +0 animal skin
 d - a +2 leather armour of positive energy (worn)
 o - a +0 pair of boots (worn)
Jewellery
 h - a +4 ring of protection (left hand)
 k - a ring of ice (right hand)
 n - an amulet of the gourmand (around neck)
 x - the ring of Zuoziph {rElec Str+3 Stlth+, unknown}
   (You found it on level 7 of the Dungeon)

   [ring of strength]

   It affects your strength (+3).
   It insulates you from electricity.
   It makes you more stealthy.
 z - an uncursed ring of resist corrosion {unknown}
Scrolls
 e - 4 scrolls of blinking
 g - a scroll of fog
 i - 2 scrolls of immolation
 j - 2 scrolls of identify
 p - 2 scrolls of enchant weapon
 r - 3 scrolls of teleportation
 s - a scroll of remove curse
 u - a scroll of amnesia
 y - a scroll of vulnerability {unknown}
 A - 2 scrolls of enchant armour {unknown}
Potions
 f - 6 potions of curing {unknown}
 l - a potion of mutation
 m - 2 potions of lignification {unknown}
 q - 2 potions of flight {unknown}
 t - 4 potions of heal wounds {unknown}
 v - a potion of agility {unknown}
 w - a potion of invisibility {unknown}
Comestibles
 c - 10 rations


   Skills:
 + Level 7.8 Fighting
 + Level 7.8 Axes
 + Level 7.3 Armour
 + Level 6.7 Dodging


You had 7 spell levels left.
You didn't know any spells.
Your spell library was empty.

Dungeon Overview and Level Annotations

Branches:
Dungeon (7/15)             Temple (0/1) D:4          Bailey (1/1)

Altars:
Ashenzari
Dithmenos
Fedhas
Gozag
Okawaru
Qazlal
Sif Muna
Uskayaw
Zin

Annotations:
D:3 3 runed translucent doors, MisterT's ghost, amateur GrGl


Innate Abilities, Weirdness & Mutations

You reflexively headbutt those who attack you in melee.
You have a pair of horns on your head.
You have sharp toenails.
Scrolls take you a little longer to read.
You are dopey. (Int -2)
You occasionally shout uncontrollably at your foes.


Message History

* * * LOW HITPOINT WARNING * * *
There is an open door here.
Which direction?
You close the door.
There is an open door here.
You are feeling hungry.
There is an open door here.
You close the door.
You start resting.
An orc knight opens the door.
It is wielding a +0 arbalest.
You fail to use your ability.
The orc knight shoots a bolt.
The bolt barely misses you.
Your ogre goes berserk!
You feel somewhat more hungry.
You can no longer call in reinforcements.
It was a potion of mutation.
You feel extremely strange.
You feel the urge to shout.
You feel stupid.
Your vision blurs.
Your toenails lengthen and sharpen.
The kobold hits your ogre.
The orc knight shoots a bolt.
The bolt hits you!!
You die...

### ##### ### ##
##(###))(###.# #.#
##'##'###(##'##'#
.....## ##(....#
.....#####)....###
..∩..(.#.'..⌠.O'@#
..(..#####)..Ko###
...(.## ##.....##
##'##'###'##'##'##
##.###)#.###.###.#
### ##### ### #+#
#o#.# #.###(# ##'
#g# #'##'##(##
....o# #..)(.##


You could see an orc knight, a kobold and a friendly ogre (berserk).

Vanquished Creatures
  Prince Ribbit (D:7)
  2 ogres (D:4)
  A phantom (D:4)
  A centaur (D:6)
  2 bullfrogs
  A scorpion (D:4)
  6 killer bees (D:7)
  3 wights (D:7)
  A hound (D:5)
  A gnoll shaman (D:3)
  An orc priest (D:4)
  2 orc wizards
  An iguana (D:4)
  9 worker ants
  2 hound skeletons
  22 gnolls
  7 adders
  An ooze (D:1)
  An adder skeleton (D:7)
  3 worms (D:2)
  A dart slug (D:1)
  A leopard gecko (D:4)
  10 orcs
  8 bats
  2 giant cockroaches (D:4)
  8 goblins
  16 hobgoblins
  6 jackals
  15 kobolds
  4 quokkas
  A ball python skeleton (D:4)
  2 frilled lizards
  A leopard gecko skeleton (D:4)
  A quokka zombie (D:6)
  3 rats
147 creatures vanquished.

Vanquished Creatures (others)
  5 fungi (D:4)
5 creatures vanquished.

Grand Total: 152 creatures vanquished

Notes
Turn   | Place    | Note
-------+----------+-------------------------------------------
     0 | D:1      | Ink the Minotaur Berserker began the quest for the Orb.
     0 | D:1      | Reached XP level 1. HP: 19/19 MP: 0/0
   201 | D:1      | Reached XP level 2. HP: 27/27 MP: 1/1
   671 | D:2      | Reached XP level 3. HP: 26/33 MP: 2/2
   897 | D:2      | Reached ** piety under Trog
   897 | D:2      | Reached XP level 4. HP: 39/40 MP: 3/3
  1076 | D:2      | Found a shadowy altar of Dithmenos.
  1261 | D:3      | Reached XP level 5. HP: 35/47 MP: 4/4
  1524 | D:3      | Found an iron altar of Okawaru.
  1804 | D:3      | Reached skill level 5 in Axes
  1891 | D:3      | Found a faded altar of an unknown god.
  1893 | D:3      | Reached skill level 5 in Fighting
  1946 | D:3      | Found a runed translucent gate.
  1946 | D:3      | Found an opulent altar of Gozag.
  1948 | D:3      | Found a runed translucent gate.
  1948 | D:3      | Found a runed translucent gate.
  1949 | D:3      | Noticed MisterT's ghost (amateur GrGl)
  2048 | D:3      | Found a shimmering blue altar of Sif Muna.
  2113 | D:4      | Noticed an ogre
  2118 | D:4      | Killed an ogre
  2118 | D:4      | Reached XP level 6. HP: 56/56 MP: 5/5
  2394 | D:4      | Reached *** piety under Trog
  2394 | D:4      | Reached skill level 5 in Armour
  2394 | D:4      | Reached XP level 7. HP: 62/62 MP: 6/6
  2452 | D:4      | Found a staircase to the Ecumenical Temple.
  2972 | D:4      | Reached skill level 5 in Dodging
  3043 | D:5      | Entered Level 5 of the Dungeon
  3098 | D:5      | Found a shattered altar of Ashenzari.
  3381 | D:5      | Found a hide-covered altar of Uskayaw.
  3391 | D:5      | Noticed a +0 dagger
  3391 | D:5      | Noticed a +0 hand axe
  3411 | D:5      | Found a blossoming altar of Fedhas.
  4008 | D:6      | Found a glowing silver altar of Zin.
  4028 | D:6      | Found a blossoming altar of Fedhas.
  4051 | D:6      | Found a stormy altar of Qazlal.
  4141 | D:6      | Reached XP level 8. HP: 56/71 MP: 7/7
  4678 | D:7      | Noticed Prince Ribbit
  4687 | D:7      | Killed Prince Ribbit
  4699 | D:7      | Got a vibrating jade ring
  4854 | D:7      | Found a flagged portal.
  4868 | Bailey   | Entered a bailey
  5043 | Bailey   | Noticed an orc knight
  5059 | Bailey   | Reached **** piety under Trog
  5200 | Bailey   | Gained mutation: You occasionally shout uncontrollably at
                  | your foes. [potion of mutation]
  5200 | Bailey   | Gained mutation: You are dopey. (Int -2) [potion of
                  | mutation]
  5200 | Bailey   | Gained mutation: Scrolls take you a little longer to read.
                  | [potion of mutation]
  5200 | Bailey   | Gained mutation: You have sharp toenails. [potion of
                  | mutation]
  5200 | Bailey   | Shot with a bolt by an orc knight

Levels and vault maps discovered:
D:1:      ebering_trefoil_3fold, layout_loops_ring
D:2:      layout_loops_ring, lemuel_doored_altar
D:3:      layout_loops_ring, lemuel_coloured_pillars_altar, led_sif_book,
          ebering_ghost_gozag, chequers_ecumenical_altar_island, first_ration,
          minmay_misc_feat_rows
D:4:      layout_rooms, minmay_temple_entry_glass, serial_aquarium,
          aquarium_bridge_long_joined [aquarium_subvault_wall,
          aquarium_subvault_window, aquarium_subvault_window,
          aquarium_subvault_bridge, aquarium_subvault_wall,
          aquarium_subvault_window], aquarium_window_2, aquarium_window_fake,
          aquarium_view_2b, chequers_serial_rivers_large_a,
          minmay_manual_monolith
D:5:      layout_layer_cave, lemuel_crystal_altar, dancing_weapons_uskayaw,
          ashenzari_altar_1, serial_rivers, chequers_serial_rivers_marsh,
          chequers_serial_rivers_room_a, chequers_serial_rivers_micro_e,
          chequers_serial_rivers_micro_e, chequers_serial_rivers_small_3
D:6:      layout_gridville, lemuel_crystal_altar, grunt_qazlal_clouds,
          fedhas_altar_3
D:7:      layout_cave_pods, enter_bailey_3, uniq_prince_ribbit1
Bailey:   bailey_axe_2, bailey

Skill      XL: |  1  2  3  4  5  6  7  8 |
---------------+-------------------------+-----
Axes           | 4 5 6 7 |  7.8
Fighting       | 4 5 6 7 |  7.8
Armour         | 3 4 5 7 |  7.3
Dodging        | 3 4 5 6 |  6.7

Action                   |  1- 3 |  4- 6 |  7- 9 || total
-------------------------+-------+-------+-------++-------
Melee: Hand axe          |    77 |   108 |   177 ||   362
       Headbutt          |    11 |    22 |    25 ||    58
Invok: Berserk           |       |     2 |     4 ||     6
       Trog's Hand       |       |     1 |       ||     1
       Brothers in Arms  |       |       |     1 ||     1
  Use: Scroll            |       |       |     8 ||     8
       Potion            |       |       |     1 ||     1
  Eat: Chunk             |       |     7 |     9 ||    16
       Ration            |       |       |     1 ||     1
Armor: Leather armour    |    31 |    30 |    75 ||   136
Dodge: Dodged            |    44 |    68 |   169 ||   281
